 Dungeon Crawl Stone Soup version 0.24-a0-549-g45f0056d81 (webtiles) character file.

Game seed: 2448023027184308905

81 Ijustatesigmund the Skirmisher (level 4, -4/50 HPs)
             Began as an Ogre Fighter on Aug 19, 2019.
             Slain by a white imp (5 damage)
             ... summoned by Natasha
             ... on level 2 of the Dungeon.
             The game lasted 00:01:50 (1440 turns).

Ijustatesigmund the Skirmisher (Ogre Fighter)       Turns: 1440, Time: 00:01:51

Health: -4/50      AC:  3    Str: 20    XL:     4   Next: 42%
Magic:  4/4        EV:  8    Int:  9    God:
Gold:   55         SH:  8    Dex:  9    Spells: 3/3 levels left

rFire    . . .     SeeInvis .   a - +0 flail
rCold    . . .     Gourm    .   c - +0 shield
rNeg     . . .     Faith    .   b - +0 robe
rPois    .         Spirit   .   (helmet restricted)
rElec    .         Reflect  .   (no cloak)
rCorr    .         Harm     .   (gloves unavailable)
MR       .....                  (boots unavailable)
Stlth    +.........             (no amulet)
HPRegen  0.16/turn              (no ring)
MPRegen  0.09/turn              (no ring)

@: very slightly contaminated, invisible
A: large, unfitting armour, tough skin 1
a: no special abilities


You were on level 2 of the Dungeon.
You were not hungry.

You visited 1 branch of the dungeon, and saw 2 of its levels.

You collected 55 gold pieces.

Inventory:

Hand Weapons
 a - a +0 flail (weapon)
Armour
 b - a +0 robe (worn)
 c - a +0 shield (worn)
Scrolls
 e - 3 scrolls of identify
 i - a scroll of magic mapping {unknown}
Comestibles
 f - 4 rations


   Skills:
 + Level 5.0 Fighting
 * Level 3.5 Maces & Flails
 - Level 2.6 Dodging
 - Level 2.6 Shields


You had 3 spell levels left.
You didn't know any spells.
Your spell library was empty.

Dungeon Overview and Level Annotations

Branches:
Dungeon (2/15)

Altars:
Fedhas

Annotations:
D:2 Natasha


Innate Abilities, Weirdness & Mutations

You are too large for most types of armour.
You have tough skin. (AC +1)


Message History

* * * LOW HITPOINT WARNING * * *
You fade into invisibility!
The bat barely misses you.
A bat comes into view.
Natasha barely misses you. The jackal barely misses you.
You block the white imp's attack.
The crimson imp grins evilly.
The bat moves out of view.
You are very lightly contaminated with residual magic.
You hit Natasha but do no damage.
Natasha is almost dead.
The jackal bites you but does no damage.
Natasha claws you.
* * * LOW HITPOINT WARNING * * *
The jackal bites you.
* * * LOW HITPOINT WARNING * * *
The white imp hits you.
* * * LOW HITPOINT WARNING * * *
The white imp freezes you.
You die...

#.#.....†......##
#.##.#....#'####
#.##.#.)..#.#
#.##.#).....#
#.##.#.###### #.##.#.#
###### ##. #....#.#
#....####....
##...#.#####....#Z......
##.#.#.....'...5@hb.....
.....#######$...#h5.....
##.#.(...# #$...########
#.#.###.# #...!#
##.#.###.########
.......#....#
####.#.####.#
.†...#.#.<#.#
###..#.#..#.#


You could see Natasha, a crimson imp, a white imp, a jackal, a bat and a quokka
skeleton.

Vanquished Creatures
  Natasha (D:2)
  An adder (D:2)
  2 worms (D:2)
  A dart slug (D:2)
  A leopard gecko (D:2)
  3 bats
  3 giant cockroaches
  4 goblins
  5 hobgoblins
  6 jackals
  2 frilled lizards (D:1)
  4 kobolds
  6 rats
39 creatures vanquished.

Notes
Turn   | Place    | Note
-------+----------+-------------------------------------------
     0 | D:1      | Ijustatesigmund the Ogre Fighter began the quest for the
                  | Orb.
     0 | D:1      | Reached XP level 1. HP: 24/24 MP: 1/1
   267 | D:1      | Reached XP level 2. HP: 26/32 MP: 2/2
   538 | D:1      | Reached XP level 3. HP: 35/40 MP: 3/3
   715 | D:2      | Found a blossoming altar of Fedhas.
  1304 | D:2      | Noticed Natasha
  1310 | D:2      | Killed Natasha
  1310 | D:2      | Reached skill level 5 in Fighting
  1310 | D:2      | Reached XP level 4. HP: 31/50 MP: 4/4
  1427 | D:2      | Noticed Natasha
  1440 | D:2      | HP: 2/50 [jackal (1)]
  1440 | D:2      | Slain by a white imp

Levels and vault maps discovered:
D:1:      elethiomel_arrival_fortress_basement, layout_basic
D:2:      layout_basic, nicolae_overflow_crystal_walls,
          overflow_temple_1_default, lemuel_crystal_altar, minmay_hexomino_u4,
          uniq_natasha

Skill      XL: |  1  2  3 |
---------------+----------+-----
Maces & Flails | 2 3 |  3.5
Fighting       | 5 |  5.0
Dodging        | |  2.6
Shields        | |  2.6

Action                   |  1- 3 |  4- 6 || total
-------------------------+-------+-------++-------
Melee: Flail             |   132 |    14 ||   146
  Use: Potion            |     2 |     1 ||     3
       Scroll            |     2 |       ||     2
  Eat: Chunk             |     2 |       ||     2
Armor: Robe              |    33 |     9 ||    42
Dodge: Dodged            |    43 |    16 ||    59
Block: Shield            |    61 |    10 ||    71

Table legend:
 A = Non-vault XP
 B = Vault XP
 C = Vault XP percentage of total XP
 D = Non-vault monster count
 E = Vault monster count
 F = Vault count percentage of total count
                 A         B        C        D         E       F
            +---------+---------+-------+---------+---------+-------
      Total |      79 |      38 |  32.5 |      37 |       2 |   5.1
            +---------+---------+-------+---------+---------+-------
        D:1 |      32 |       2 |   5.9 |      21 |       1 |   4.5
        D:2 |      47 |      36 |  43.4 |      16 |       1 |   5.9
            +---------+---------+-------+---------+---------+-------
